 Dungeon Crawl Stone Soup version 0.31-a0-234-gad7ace16ef (webtiles) character file.

Game seed: 16524968436789495868

138780 Morbidden the Destroyer (level 16, 0/134 HPs)
             Began as a Pale Draconian Conjurer on July 9, 2023.
             Was the Champion of Cheibriados.
             Succumbed to Aizul's bolt of poison
             ... on level 1 of the Shoals on July 10, 2023.
             The game lasted 01:07:34 (35670 turns).

Morbidden the Destroyer (Pale Draconian Conjurer)  Turns: 35670, Time: 01:07:35

Health: 0/134      AC: 12    Str: 22    XL:     16   Next: 72%
Magic:  20/39      EV: 28    Int: 44    God:    Cheibriados [******]
Gold:   1081       SH: 13    Dex: 25    Spells: 1/36 levels left

rFire   . . .        a - +2 morningstar (spect)
rCold   + . .        D - +0 kite shield
rNeg    . . .        (body armour unavailable)
rPois   .            (helmet restricted)
rElec   +            P - +0 cloak
rCorr   .            w - +0 pair of gloves
SInv    .            G - +0 pair of boots
Will    +....        p - amulet of magic regeneration
Stlth   +++          I - +5 ring of evasion
HPRegen 0.42/turn    L - ring "Rymaluir" {rElec MP+9 EV+5 Str-2}
MPRegen 0.66/turn

%: no passive effects
@: lethally poisoned (0 -> -27), very slightly contaminated, very slow
A: breathe steam, AC +9, unfitting armour, cold-blooded, steam resistance,
clever 1, cold resistance 1, wild magic 2
a: Breathe Steam, Renounce Religion, Bend Time, Temporal Distortion, Slouch,
Step From Time


You were on level 1 of the Shoals.
You worshipped Cheibriados.
Cheibriados was exalted by your worship.
You visited 6 branches of the dungeon, and saw 28 of its levels.
You also visited: Ice Cave.

You collected 2964 gold pieces.
You spent 1883 gold pieces at shops.

Inventory:

Hand Weapons
 a - a +2 spectral morningstar (weapon)
 b - a +1 broad axe of flaming
 Y - a +1 demon trident of draining
Missiles
 e - 38 poisoned darts
 m - 31 boomerangs
 s - 6 curare-tipped darts (quivered)
 M - 7 javelins
 V - 4 throwing nets
Armour
 w - a +0 pair of gloves (worn)
 D - a +0 kite shield (worn)
 F - a +0 buckler
 G - a +0 pair of boots (worn)
 P - a +0 cloak (worn)
Magical Staves
 l - the staff of the Pyrrhic Victory {Contam rF+ rC+ Str+6 Ice}
   (You found it on level 9 of the Dungeon)

   [staff of cold]

   Base accuracy: +5 Base damage: 5 Base attack delay: 1.2 This weapon's minimum
   attack delay (0.6) is reached at skill level 12.
   Str:       It affects your strength (+6).
   rF:        It protects you from fire.
   rC:        It protects you from cold.
   Contam:    It causes magical contamination when unequipped.
   Ice:       It increases the power of your Ice spells.
   It falls into the 'Staves' category.
   It is a one-handed weapon.
Jewellery
 f - a ring of magical power
 p - an amulet of magic regeneration (around neck)
 r - a ring of positive energy
 y - a ring of wizardry
 E - a ring of protection from fire
 I - a +5 ring of evasion (left hand)
 L - the ring "Rymaluir" (right hand) {rElec MP+9 EV+5 Str-2}
   (You bought it in a shop on level 2 of the Orcish Mines)

   [ring of evasion]

   EV:        It affects your evasion (+5).
   Str:       It affects your strength (-2).
   rElec:     It insulates you from electricity.
   MP:        It affects your magic capacity (+9).
 R - a ring of ice
 S - a ring of protection from cold
 U - a ring of willpower
 X - a ring of protection from fire
Wands
 c - a wand of paralysis (14)
 o - a wand of acid (10)
 t - a wand of polymorph (20)
 u - a wand of flame (28)
 v - a wand of roots (16)
 H - a wand of digging (13)
Scrolls
 h - 3 scrolls of noise
 i - 4 scrolls of blinking
 j - 4 scrolls of fear
 z - 2 scrolls of identify
 B - a scroll of immolation
 C - 4 scrolls of enchant armour
 J - 10 scrolls of teleportation
 K - 3 scrolls of fog
 N - 4 scrolls of revelation
 O - 2 scrolls of poison
 W - a scroll of butterflies
 Z - a scroll of silence
Potions
 d - 7 potions of curing
 g - 5 potions of might
 k - 5 potions of magic
 n - 3 potions of brilliance {unknown}
 q - 2 potions of lignification
 x - 3 potions of enlightenment
 A - 5 potions of invisibility
 Q - 5 potions of mutation
Miscellaneous
 T - a lightning rod (4/4)


   Skills:
 * Level 9.9 Fighting
 * Level 4.0 Short Blades
 + Level 2.1(6.6) Axes
 + Level 10.0(10.1) Maces & Flails
 + Level 1.2 Throwing
 * Level 7.8 Dodging
 + Level 5.0 Stealth
 * Level 7.5 Shields
 * Level 8.4 Unarmed Combat
 * Level 10.8 Spellcasting
 * Level 10.9 Conjurations
 + Level 5.3 Summonings
 * Level 5.6 Necromancy
 + Level 7.8 Translocations
 * Level 6.3 Transmutations
 + Level 5.4 Air Magic
 * Level 3.1 Earth Magic
 * Level 8.7 Invocations
 * Level 9.1 Evocations


You had one spell level left.
You knew the following spells:

 Your Spells              Type           Power      Damage    Failure   Level
a - Magic Dart            Conj           100%       1d8       1%          1
b - Iskenderun's Battles  Conj           100%       2d15      3%          5
c - Summon Lightning Spi  Summ/Air       85%        N/A       8%          4
d - Necromutation         Tmut/Necr      44%        N/A       100%        8
e - Searing Ray           Conj           100%       2d8       1%          2
f - Leda's Unmaking       Conj/Erth      47%        9d8       36%         6
x - Irradiate             Conj/Tmut      51%        3d28      6%          5
z - Iskenderun's Mystic   Conj/Tloc      100%       2d19      2%          4

Your spell library contained the following spells:

 Spells                   Type           Power      Damage    Failure   Level
 Slow                     Hex            100%       N/A       8%          1
 Lesser Beckoning         Tloc           100%       N/A       1%          2
 Static Discharge         Conj/Air       100%       2-7/arc   1%          2
 Gell's Gravitas          Tloc           99%        N/A       1%          3
 Teleport Other           Tloc           99%        N/A       1%          3
 Sublimation of Blood     Necr           87%        N/A       2%          2
 Dazzling Flash           Conj/Hex       100%       N/A       3%          3
 Vampiric Draining        Necr           87%        2d12      3%          3
 Airstrike                Air            43%        2d(7-23)  8%          4
 Fulminant Prism          Conj/Hex       43%        3d19      8%          4
 Petrify                  Tmut/Erth      81%        N/A       10%         4
 Blade Hands              Tmut           45%        N/A       12%         5
 Confusing Touch          Hex            38%        N/A       17%         3
 Inner Flame              Hex/Fire       38%        N/A       17%         3
 Yara's Violent Unravell  Hex/Tmut       35%        3d14      34%         5
 Spellforged Servitor     Conj/Summ      50%        N/A       75%         7
 Enfeeble                 Hex            19%        N/A       100%        7
 Borgnjor's Revivificati  Necr           43%        N/A       100%        8
 Death's Door             Necr           43%        N/A       100%        9
 Animate Armour           Summ/Erth      Unusable   N/A       N/A         4

Dungeon Overview and Level Annotations

Branches:
Dungeon (15/15)            Temple (1/1) D:7            Lair (5/5) D:9
 Shoals (1/4) Lair:3        Snake (4/4) Lair:3        Slime (0/5) Lair:4
    Orc (2/2) D:11            Elf (0/3) Orc:2        Vaults (0/5) D:13
 Depths (0/4) D:15          IceCv (visited)

Altars:
Ashenzari
Cheibriados
Dithmenos
Elyvilon
Fedhas
Gozag
Kikubaaqudgha
Okawaru
Qazlal
Ru
Trog
Vehumet
Xom
Yredelemnul
Zin
The Shining One

Shops:
D:4 !   D:14 *   Orc:2 :?=(   Snake:3 ::=(

Annotations:
D:11 3 runed translucent doors, Gilette's ghost, journeyman MiFi
Lair:4 exclusion: 3 oklob plants
Shoals:1 Kirke; Louise


Innate Abilities, Weirdness & Mutations

You can breathe blasts of scalding, opaque steam.
Your pale cyan-grey scales are hard. (AC +9)
You cannot fit into any form of body armour.
You are cold-blooded and may be slowed by cold attacks.
You are immune to the effects of steam.
Your mind is acute. (Int +4, Str/Dex -1)
Your flesh is cold resistant. (rC+)
Your spells are harder to cast, but more powerful.


Message History

Aizul says, "They said they'd gotten someone better!"
An alligator snapping turtle comes into view.
Louise says, "Need a shortcut to the ORB?
Here, let me help!"
Unknown command.
Unknown command.
Unknown command.
Activating: Slouch (2% risk of failure)
Press: ? - help, Dir - look around, f - activate You can feel time thicken for a moment.
Flame seeps out of Aizul.
You feel sick.
Aizul is engulfed in blazing flames.
Flame seeps out of Aizul.
Aizul coils herself and waves her upper body at you.
The bolt of poison misses you.
Unknown command.
Unknown command.
Unknown command.
Unknown command.
Unknown command.
Activating: Slouch (2% risk of failure)
Press: ? - help, Dir - look around, f - activate You can feel time thicken for a moment.
You kill the sea snake!
Cheibriados appreciates the change of pace.
Flame seeps out of Aizul.
You feel sick.
Aizul is engulfed in blazing flames.
Flame seeps out of Aizul.
Aizul coils herself and waves her upper body at you.
You block the poison arrow.
Aizul is engulfed in blazing flames.
Flame seeps out of Aizul.
Aizul moans, "No job prospects!
Who wants sleepy Aizul to guard their treasure?"
Aizul casts a spell at you. The bolt of poison hits you!!
You are lethally poisoned!
* * * LOW HITPOINT WARNING * * *
Unknown command.
Unknown command.
Activating: Slouch (2% risk of failure)
Press: ? - help, Dir - look around, f - activate You can feel time thicken for a moment.
Cheibriados appreciates the change of pace.
Aizul explodes!
You die...

≈≈~~..$h##~....
≈~~.h..§.......
~~~
~~.c###§§.§§...
~~~ ~ #.§§°....
~~.~ #..§§§..#
..~~~
.......[###t...~
.........#..†..~
./.........~~~~~
.....###.@~~~@~~.
#..~~~~...
..~~~~~~...
....~~~~~~..#
~~~~~~~~≈≈~~..#
~~~.~~~≈≈≈~~..#
~~~~~~≈~~.~~~..
~~~~~~~~.?.~~~.


You could see an alligator snapping turtle and Louise.

Vanquished Creatures
  Aizul (Shoals:1)
  An ironbound preserver (D:13)
  3 orc warlords
  Snorg (D:11)
  An ettin (D:15)
  Harold (D:11)
  An entropy weaver (shapeshifter) (D:13)
  9 hydras
  3 centaur warriors
  An ice dragon (D:13)
  A death knight (D:14)
  A merfolk avatar (Lair:5)
  2 anacondas
  2 ogre magi
  2 two-headed ogres
  2 catoblepae
  7 boulder beetles
  A death yak (Lair:2)
  3 naga warriors
  An orc high priest (Orc:2)
  Urug (Orc:1)
  Nergalle (Lair:1)
  7 shock serpents
  3 naga sharpshooters
  2 skeletal warriors (D:14)
  4 skysharks
  2 deep trolls (D:15)
  2 naga ritualists
  A sea snake (Shoals:1)
  4 deep elf pyromancers
  7 mana vipers
  A necromancer (D:15)
  2 orc knights
  7 orc sorcerers
  A harpy (Lair:5)
  11 ugly things
  5 salamanders
  8 cyclopes
  Joseph (D:7)
  A faun (Shoals:1)
  A merfolk siren (Lair:3)
  Maurice (D:11)
  4 manticores
  19 black mambas
  6 elephants
  A guardian serpent (Snake:2)
  7 naga magi
  A torpor snail (Lair:2)
  9 rime drakes
  13 cane toads
  3 unseen horrors (D:13)
  A rime drake (shapeshifter) (D:15)
  9 komodo dragons
  A yaktaur (D:15)
  2 freezing wraiths
  A kobold demonologist (D:11)
  3 efreet
  2 polar bears
  3 merfolk (Lair:3)
  A meliai (D:13)
  6 trolls
  2 wind drakes (Lair:5)
  2 hornets
  11 slime creatures (D:13)
  23 blink frogs
  A snapping turtle (Lair:5)
  2 shadows
  4 wyverns
  2 wraiths
  59 yaks
  The ghost of G0Dl1kE the Magician, an amateur SpEn of Gozag (D:4)
  Grum (D:9)
  5 basilisks
  2 hogs (Shoals:1)
  2 steam dragons
  7 vampire mosquitoes
  7 wargs
  4 acid dragons
  17 nagas
  18 water moccasins
  Duvessa (D:7)
  32 orc warriors
  4 ice beasts
  2 black bears
  8 wolves
  9 ogres
  A centaur (D:12)
  A phantom (D:7)
  3 kobold brigands
  15 bullfrogs
  4 scorpions
  4 gnoll sergeants
  A cane toad simulacrum (D:12)
  3 two-headed ogre simulacra (D:12)
  3 wights (D:10)
  Dowan (D:7)
  6 killer bees (D:5)
  3 elephant simulacra
  6 howler monkeys
  A quasit (D:7)
  A hound (D:7)
  3 jellies
  11 orc priests
  2 sleepcaps
  2 gnoll boudas (D:9)
  An iguana (D:9)
  Ijyb (D:3)
  29 orc wizards
  7 hell rats (Lair:1)
  A polar bear simulacrum (IceCv)
  2 spriggan simulacra (D:12)
  A troll simulacrum (D:12)
  2 wolf simulacra (IceCv)
  26 gnolls
  7 adders
  4 shadow imps
  2 ufetubi (D:7)
  2 worms
  3 dart slugs
  85 orcs
  11 endoplasms
  3 giant cockroaches
  10 goblins
  14 hobgoblins
  7 jackals
  2 quokkas (D:1)
  8 ball pythons
  4 bats
  A frilled lizard (D:1)
  21 kobolds
  2 rats
762 creatures vanquished.

Vanquished Creatures (collateral kills)
  2 hydras (Lair:4)
  An ogre mage (Orc:2)
  3 anacondas (Snake:2)
  A naga warrior (Snake:1)
  4 naga sharpshooters
  A skyshark (Lair:3)
  A lindwurm (Lair:3)
  6 orc sorcerers (Orc:2)
  A mana viper (Snake:2)
  A deep elf pyromancer (D:13)
  3 salamanders
  5 naga magi
  3 elephants (Lair:3)
  A guardian serpent (Snake:3)
  4 black mambas
  A cane toad (Lair:5)
  A komodo dragon (Lair:5)
  A tengu conjurer (D:15)
  A troll (Orc:2)
  4 blink frogs
  4 slime creatures (D:13)
  A wyvern (Lair:5)
  3 yaks
  A basilisk (Lair:5)
  7 nagas
  A water moccasin (Lair:5)
  4 orc warriors (Orc:2)
  2 ogres (Orc:2)
  2 bullfrogs
  An orc priest (Orc:2)
  12 orc wizards (Orc:2)
  4 orcs
87 creatures vanquished.

Vanquished Creatures (others)
  A sky beast (D:8)
  An orc wizard (Orc:2)
  A quokka (D:9)
  11 spectral weapons
14 creatures vanquished.

Grand Total: 863 creatures vanquished

Notes
Turn   | Place    | Note
-------+----------+-------------------------------------------
     0 | D:1      | Morbidden the Draconian Conjurer began the quest for the
                  | Orb.
     0 | D:1      | Reached XP level 1. HP: 14/14 MP: 3/3
   319 | D:1      | Reached XP level 2. HP: 20/20 MP: 3/5
   322 | D:1      | Learned a level 2 spell: Searing Ray
  1057 | D:1      | Found a faded altar of an unknown god.
  1169 | D:2      | You fall into a shaft and drop 2 floors!
  1196 | D:4      | Reached XP level 3. HP: 23/26 MP: 1/6
  1275 | D:4      | Found Osuguk's Distillery.
  1531 | D:4      | Reached XP level 4. HP: 34/34 MP: 2/7
  1783 | D:4      | Reached skill level 1 in Unarmed Combat
  1783 | D:4      | Reached skill level 5 in Conjurations
  1843 | D:4      | Found a runed translucent door.
  1854 | D:4      | Noticed G0Dl1kE's ghost (amateur SpEn)
  1879 | D:4      | Reached XP level 5. HP: 39/39 MP: 2/9
  2010 | D:3      | Reached skill level 1 in Fighting
  2100 | D:3      | Reached skill level 1 in Short Blades
  2386 | D:5      | Entered Level 5 of the Dungeon
  2398 | D:5      | Noticed a black bear
  2403 | D:5      | Killed a black bear
  2404 | D:5      | Reached XP level 6. HP: 47/47 MP: 4/10
  2469 | D:5      | Noticed an ice beast
  2479 | D:5      | Killed an ice beast
  2582 | D:5      | Reached skill level 1 in Evocations
  2639 | D:5      | Noticed a water moccasin
  2644 | D:5      | Killed a water moccasin
  2645 | D:5      | Your scales start taking on a pale cyan-grey colour.
  2645 | D:5      | Reached XP level 7. HP: 54/55 MP: 4/12
  2645 | D:5      | Gained mutation: You are immune to the effects of steam.
                  | [Pale Draconian growth]
  2994 | D:5      | Found a broken altar of Ashenzari.
  3249 | D:5      | Reached XP level 8. HP: 53/62 MP: 4/14
  3371 | D:5      | Found a blossoming altar of Fedhas.
  3993 | D:6      | Found a glowing golden altar of the Shining One.
  4185 | D:6      | Reached skill level 5 in Spellcasting
  4687 | D:7      | Found a staircase to the Ecumenical Temple.
  4694 | Temple   | Entered the Ecumenical Temple
  4702 | Temple   | Became a worshipper of Cheibriados the Contemplative
  4869 | D:3      | Noticed Ijyb
  4883 | D:3      | Reached skill level 1 in Maces & Flails
  4885 | D:3      | Killed Ijyb
  5168 | D:3      | Learned a level 4 spell: Iskenderun's Mystic Blast
  5174 | D:3      | Reached * piety under Cheibriados
  6193 | D:7      | Noticed Joseph
  6255 | D:7      | Reached XP level 9. HP: 70/70 MP: 13/17
  6305 | D:7      | Reached ** piety under Cheibriados
  6365 | D:7      | Found an opulent altar of Gozag.
  6365 | D:7      | Found a shadowy altar of Dithmenos.
  6482 | D:7      | Noticed Duvessa
  6484 | D:7      | Noticed Dowan
  6489 | D:7      | Killed Duvessa
  6490 | D:7      | Reached skill level 1 in Invocations
  6504 | D:7      | Killed Dowan
  6515 | D:7      | Killed Joseph
  6516 | D:7      | Reached skill level 1 in Translocations
  7373 | D:4      | Killed G0Dl1kE's ghost
  7738 | D:8      | Found a shimmering altar of Xom.
  7799 | D:8      | Reached skill level 1 in Shields
  8127 | D:8      | Reached *** piety under Cheibriados
  8794 | D:9      | Found a radiant altar of Vehumet.
  8875 | D:9      | Found a white marble altar of Elyvilon.
  8875 | D:9      | Noticed a two-headed ogre
  8883 | D:9      | Killed a two-headed ogre
  8884 | D:9      | Reached XP level 10. HP: 80/80 MP: 10/19
  8968 | D:9      | Found a bloodstained altar of Trog.
  9170 | D:9      | Found a staircase to the Lair.
  9171 | D:9      | Reached **** piety under Cheibriados
  9508 | D:9      | Identified the staff of the Pyrrhic Victory {Contam rF+ rC+
                  | Str+6 Ice}
  9572 | D:9      | Noticed Grum
  9581 | D:9      | Reached skill level 5 in Fighting
  9588 | D:9      | Killed Grum
  9943 | D:10     | Entered Level 10 of the Dungeon
  9994 | D:10     | Reached skill level 5 in Dodging
 10001 | D:10     | Reached XP level 11. HP: 88/88 MP: 7/21
 10045 | D:10     | Noticed a two-headed ogre
 10051 | D:10     | Killed a two-headed ogre
 10052 | D:10     | Reached skill level 5 in Maces & Flails
 10070 | D:10     | Reached ***** piety under Cheibriados
 10774 | D:10     | Identified the amulet "Umpotoz" {Acrobat -Cast Str+2 Dex+2}
 11196 | Lair:1   | Entered Level 1 of the Lair of Beasts
 11241 | Lair:1   | Reached skill level 5 in Unarmed Combat
 11314 | Lair:1   | Reached skill level 5 in Evocations
 11727 | Lair:1   | Reached skill level 1 in Throwing
 11822 | Lair:1   | Noticed a catoblepas
 11850 | Lair:1   | Killed a catoblepas
 11851 | Lair:1   | Reached skill level 5 in Translocations
 12494 | Lair:1   | Noticed Nergalle
 12500 | Lair:1   | Killed Nergalle
 12543 | Lair:1   | Reached skill level 5 in Invocations
 12543 | Lair:1   | Reached XP level 12. HP: 96/96 MP: 11/23
 12896 | Lair:2   | Noticed a death yak
 12901 | Lair:2   | Reached ****** piety under Cheibriados
 12913 | Lair:2   | Killed a death yak
 13365 | Lair:2   | Learned a level 4 spell: Summon Lightning Spire
 13371 | Lair:2   | Learned a level 5 spell: Blade Hands
 13753 | Lair:3   | Noticed an eight-headed hydra
 13764 | Lair:3   | Killed an eight-headed hydra
 13881 | Lair:3   | Reached skill level 1 in Summonings
 13903 | Lair:3   | Noticed a seven-headed hydra
 13909 | Lair:3   | Killed a seven-headed hydra
 13982 | Lair:3   | Reached skill level 1 in Air Magic
 13984 | Lair:3   | Reached skill level 1 in Transmutations
 14123 | Lair:3   | Reached XP level 13. HP: 42/105 MP: 3/25
 14139 | Lair:3   | Found a staircase to the Shoals.
 14387 | Lair:3   | Found a staircase to the Snake Pit.
 15358 | Lair:4   | Reached skill level 5 in Shields
 15426 | Lair:4   | Learned a level 8 spell: Necromutation
 16292 | Lair:4   | Found a staircase to the Slime Pits.
 16407 | Lair:5   | Entered Level 5 of the Lair of Beasts
 16429 | Lair:5   | Reached skill level 1 in Necromancy
 16813 | Lair:5   | Reached skill level 10 in Conjurations
 16979 | Lair:5   | Reached XP level 14. HP: 107/114 MP: 27/27
 17891 | Lair:5   | Learned a level 5 spell: Irradiate
 18930 | D:11     | Found a staircase to the Orcish Mines.
 18939 | D:11     | Noticed Harold
 18944 | D:11     | Noticed Snorg
 18967 | D:11     | Killed Snorg
 18971 | D:11     | Killed Harold
 19376 | D:11     | Noticed Maurice
 19383 | D:11     | Killed Maurice
 19453 | D:11     | Found a runed translucent gate.
 19454 | D:11     | Found a runed translucent gate.
 19454 | D:11     | Found a runed translucent gate.
 19457 | D:11     | Noticed Gilette's ghost (journeyman MiFi)
 19813 | D:11     | Found a basalt altar of Yredelemnul.
 20274 | D:12     | Found a frozen archway.
 20306 | IceCv    | Entered an ice cave
 20434 | IceCv    | Found a transporter.
 20453 | IceCv    | Found a transporter.
 23016 | D:13     | Reached XP level 15. HP: 61/123 MP: 28/28
 23416 | D:13     | Found a gate to the Vaults.
 23453 | D:13     | Reached skill level 5 in Transmutations
 24249 | D:14     | Found a stormy altar of Qazlal.
 24291 | D:14     | Found Rer Itea's Assorted Antiques.
 24305 | D:14     | Bought a fizzy ruby potion for 36 gold pieces
 24946 | D:14     | Gained mutation: Your spells are a little harder to cast,
                  | but a little more powerful. [potion of mutation]
 24946 | D:14     | Gained mutation: Your flesh is cold resistant. (rC+)
                  | [potion of mutation]
 24946 | D:14     | Gained mutation: Your mind is acute. (Int +4, Str/Dex -1)
                  | [potion of mutation]
 24946 | D:14     | Gained mutation: Your spells are harder to cast, but more
                  | powerful. [potion of mutation]
 24969 | D:15     | Entered Level 15 of the Dungeon
 25533 | D:15     | Reached skill level 1 in Axes
 25917 | D:15     | Upgraded the game from 0.31-a0-233-g139696dc86 to
                  | 0.31-a0-234-gad7ace16ef
 25954 | D:15     | Reached skill level 10 in Spellcasting
 26084 | D:15     | Found a staircase to the Depths.
 26367 | Orc:1    | Entered Level 1 of the Orcish Mines
 26437 | Orc:1    | Noticed Urug
 26448 | Orc:1    | Killed Urug
 27342 | Orc:2    | Entered Level 2 of the Orcish Mines
 27668 | Orc:2    | Found a bloodstained altar of Trog.
 27894 | Orc:2    | Found a staircase to the Elven Halls.
 27971 | Orc:2    | Paralysed by an orc sorcerer for 2 turns
 28162 | Orc:2    | Found an ancient bone altar of Kikubaaqudgha.
 28746 | Orc:2    | Found Qixzuar's Book Boutique.
 28785 | Orc:2    | Found a radiant altar of Vehumet.
 28811 | Orc:2    | Found Gaasu's Jewellery Shop.
 28811 | Orc:2    | Found Vabuidij's Magic Scroll Boutique.
 28825 | Orc:2    | Found Udimm's Antique Weapon Shop.
 28853 | Orc:2    | Bought the ring "Rymaluir" {rElec MP+9 EV+5 Str-2} for 905
                  | gold pieces
 28940 | Orc:2    | Bought a book of Power for 630 gold pieces
 28948 | Orc:2    | Learned a level 6 spell: Leda's Unmaking
 29163 | Snake:1  | Entered Level 1 of the Snake Pit
 29717 | Shoals:1 | Entered Level 1 of the Shoals
 29718 | Shoals:1 | Noticed Kirke
 29719 | Shoals:1 | Noticed Aizul
 30057 | Snake:1  | Reached XP level 16. HP: 77/132 MP: 30/30
 30327 | Snake:1  | Learned a level 5 spell: Iskenderun's Battlesphere
 30584 | Snake:1  | Identified the +4 short sword of Irritation {flame, rElec
                  | rN+ Dex+3}
 30613 | Snake:1  | Reached skill level 5 in Summonings
 30650 | Snake:1  | Reached skill level 1 in Earth Magic
 30883 | Snake:1  | Reached skill level 5 in Air Magic
 30949 | Snake:1  | Reached skill level 5 in Stealth
 32167 | Snake:2  | Reached skill level 5 in Necromancy
 32480 | Snake:2  | Identified the +9 mace of Zorem {vamp, Str+3}
 33539 | Snake:3  | Found Beojialatacw's Weapon Boutique.
 35198 | Snake:3  | Found Oxassasm's Book Shoppe.
 35199 | Snake:3  | Found Ynuipoh's Jewellery Shop.
 35202 | Snake:3  | Found Camek's Book Shoppe.
 35220 | Snake:3  | Bought a book of Storms for 312 gold pieces
 35300 | Snake:4  | Entered Level 4 of the Snake Pit
 35310 | Snake:4  | Reached skill level 10 in Maces & Flails
 35667 | Shoals:1 | Noticed Louise
 35667 | Shoals:1 | Identified a scroll of acquirement
 35669 | Shoals:1 | HP: 4/134 [Aizul/bolt of poison (19)]
 35670 | Shoals:1 | Killed Aizul
 35670 | Shoals:1 | Succumbed to Aizul's bolt of poison

Illustrated notes

Levels and vault maps discovered:
D:1:      denvon_arrival_planthouse, layout_basic,
          ebering_ecumenical_altar_abandoned, serial_bayou_crossing
D:2:      layout_basic
D:3:      layout_rooms, serial_corexii_hall, corexii_hall_statues_i,
          corexii_hall_statues_l, corexii_hall_statues_deadend,
          corexii_hall_statues_l, grunt_ministairs_5, uniq_ijyb
D:4:      layout_rooms, serial_shops, nicolae_shop_peninsula,
          ebering_ghost_sewer_d
D:5:      layout_loops_ring, nicolae_overflow_crystal_walls,
          mainiacjoe_overflow_catwalk
D:6:      layout_loops_ring, nicolae_tso_carved_into_rock
D:7:      layout_loops_ring, gammafunk_temple_overflow_pools,
          minmay_temple_entry_arrows, serial_demonic, serial_demonic_b,
          serial_demonic_c, serial_demonic_f, serial_demonic_a, uniq_duvessa,
          uniq_joseph
D:8:      layout_layer_cave, mainiacjoe_overflow_brackets, minmay_door_square,
          minivault_24, hex_large, kennysheep_small_square
D:9:      layout_basic, vehumet_crystals, trog_butcher_becter, elyvilon_altar_4,
          lair_entry_dummy, nicolae_underground_beach, uniq_grum
D:10:     layout_layer_cave
D:11:     layout_loops_ring, erik_orc_3, gammafunk_ghost_necromancy,
          yredelemnul_altar_generic, uniq_snorg, uniq_harold, uniq_maurice
D:12:     layout_cave_pools, portal_ice_cave_entry_ice_simulacra
D:13:     nzn_winding_woodlands_stair_cross
          [nzn_winding_woodlands_5x15_longhouse,
          nzn_winding_woodlands_center_lodge,
          nzn_winding_woodlands_5x15_concentric,
          nzn_winding_woodlands_5x5_default, nzn_winding_woodlands_5x5_cross,
          nzn_winding_woodlands_5x15_sidewinder,
          nzn_winding_woodlands_center_diamonds,
          nzn_winding_woodlands_5x15_cabin], layout_rooms,
          skrybe_vaults_entry_preservation
D:14:     layout_roguey, nicolae_qazlal_general_emergency, serial_shops, shop
D:15:     hangedman_depths_entry_civil_slaughter, layout_basic
Temple:   nicolae_temple_bog_church
Lair:1:   layout_gridlike, minmay_holes, infiniplex_staircase_pool_2,
          serial_bayou_shore_a, grunt_megastairs_3, uniq_nergalle
Lair:2:   layout_roguey
Lair:3:   layout_chaotic_city, elwin_shoals_entry_stream, dummy_snake_entry,
          kennysheep_catoblepas_arena
Lair:4:   layout_gridlike, minmay_slime_entry_oklob_open
Lair:5:   gammafunk_lair_ancient_temple, layout_regular_city
Shoals:1: layout_shoals, uniq_aizul, uniq_kirke, uniq_louise
Snake:1:  layout_grid_maze
Snake:2:  layout_onion
Snake:3:  layout_gridlike, serial_shops, nicolae_shop_pleasant_corner_grove,
          minmay_shop_grove, grunt_megastairs_5
Snake:4:  hellmonk_snake_rune_quicksilver_temple, layout_cave_shapes,
          lemuel_fruit_tree
Orc:1:    cheibrodos_orc_bank, layout_caves, uniq_urug
Orc:2:    kennysheep_orc_mage_school, layout_diamond_mine, basic_altar

Skill      XL: |  1  2  3  4  5  6  7  8  9 10 11 12 13 14 15 16 |
---------------+-------------------------------------------------+-----
Dodging        | 2 3 4 5 6 7 |  7.8
Unarmed Combat | 1 2 3 4 5 6 7 8 |  8.4
Conjurations   | 5 6 7 8 9 10 | 10.9
Fighting       | 1 2 3 4 5 6 7 8 9 |  9.9
Short Blades   | 1 2 3 4 |  4.0
Spellcasting   | 3 4 5 6 7 8 9 10 | 10.8
Stealth        | 2 3 4 5 |  5.0
Evocations     | 1 2 3 4 5 6 7 8 9 |  9.1
Maces & Flails | 1 3 4 6 7 8 9 10 | 10.0
Invocations    | 2 3 5 6 7 8 |  8.7
Translocations | 2 4 5 6 7 |  7.8
Shields        | 2 4 5 6 7 |  7.5
Throwing       | 1 |  1.2
Summonings     | 1 3 4 5 |  5.3
Air Magic      | 1 3 4 5 |  5.4
Transmutations | 1 3 4 5 6 |  6.3
Necromancy     | 1 3 4 5 |  5.6
Axes           | 2 |  2.1
Earth Magic    | 3 |  3.1

Action                     |  1- 3 |  4- 6 |  7- 9 | 10-12 | 13-15 | 16-18 || total
---------------------------+-------+-------+-------+-------+-------+-------++-------
  Melee: Unarmed           |    58 |       |       |       |   106 |       ||   164
         Tailslap          |     9 |     5 |    16 |    31 |   104 |    18 ||   183
         Dagger            |    14 |    39 |    63 |       |       |       ||   116
         Punch             |     1 |     1 |     1 |       |     6 |       ||     9
         Morningstar       |       |       |    60 |   160 |   399 |    81 ||   700
         Demon trident     |       |       |       |       |     4 |       ||     4
         Broad axe         |       |       |       |       |     5 |       ||     5
  Throw: Boomerang         |       |       |       |     5 |       |       ||     5
         Dart              |       |       |       |       |    21 |       ||    21
   Cast: Magic Dart        |    66 |    58 |   119 |    60 |   313 |   166 ||   782
         Searing Ray       |     1 |     8 |    43 |    24 |     6 |     4 ||    86
         Iskenderun's Myst |       |       |    12 |    84 |   124 |    26 ||   246
         Summon Lightning  |       |       |       |     8 |    62 |    29 ||    99
         Blade Hands       |       |       |       |     1 |    15 |       ||    16
         Irradiate         |       |       |       |       |    41 |    13 ||    54
         Iskenderun's Batt |       |       |       |       |       |    26 ||    26
         Leda's Unmaking   |       |       |       |       |       |     1 ||     1
 Invoke: Slouch            |       |       |       |       |    12 |     3 ||    15
Ability: Breathe Steam     |       |       |    12 |    12 |    21 |     4 ||    49
         End Transformatio |       |       |       |       |     1 |       ||     1
  Evoke: Wand              |       |     1 |     1 |       |     7 |       ||     9
    Use: Potion            |       |     2 |     4 |       |     5 |       ||    11
         Scroll            |       |       |    11 |     4 |    15 |     6 ||    36
   Stab: Sleeping          |       |       |     5 |     3 |     3 |     2 ||    13
         Distracted        |       |       |     1 |     2 |    19 |     2 ||    24
 Armour: Skin              |    14 |    16 |    66 |    56 |   156 |    22 ||   330
  Dodge: Dodged            |    53 |    26 |   134 |   171 |   513 |   163 ||  1060
  Block: Buckler           |       |       |     6 |    58 |   161 |     9 ||   234
         Kite shield       |       |       |       |       |       |    79 ||    79

Table legend: (Time is in decaauts)
 A = Elapsed time spent in this place.
 B = Non-inter-level travel time spent in this place.
 C = Inter-level travel time spent in this place.
 D = Time resting spent in this place.
 E = Time spent auto-exploring this place.
 F = Levels seen in this place.
 G = Mean time per level.
                   A        B        C        D        E       F      G
               +--------+--------+--------+--------+--------+-----+--------+
         Total |  48337 |  44833 |   3504 |   4808 |  34094 |  29 | 1666.8 |
       Dungeon |  24343 |  22295 |   2048 |   2187 |  17243 |  15 | 1622.9 |
        Temple |     34 |     19 |     15 |      0 |      0 |   1 |   34.0 |
          Lair |  10966 |  10226 |    740 |    889 |   7877 |   5 | 2193.2 |
        Shoals |     16 |     16 |      0 |      0 |      0 |   1 |   16.0 |
     Snake Pit |   9017 |   8477 |    540 |   1312 |   6222 |   4 | 2254.2 |
  Orcish Mines |   3764 |   3605 |    159 |    420 |   2628 |   2 | 1882.0 |
      Ice Cave |    194 |    194 |      0 |      0 |    122 |   1 |  194.0 |
               +--------+--------+--------+--------+--------+-----+--------+

Top non-repeatable levels by time:
 Snake:1: 4119 daAuts
    D:13: 3035 daAuts
 Snake:3: 2876 daAuts
  Lair:5: 2867 daAuts
    D:11: 2404 daAuts
  Lair:3: 2234 daAuts
   Orc:2: 2185 daAuts
    D:10: 2044 daAuts
  Lair:1: 2041 daAuts
  Lair:4: 2030 daAuts
 Snake:2: 1795 daAuts
  Lair:2: 1791 daAuts
    D:15: 1787 daAuts
    D:14: 1747 daAuts
     D:9: 1701 daAuts
